 Dungeon Crawl Stone Soup version 0.17-a0-1923-gc35365e (webtiles) character file.

843 flametal213 the Changer (level 7, -1/52 HPs)
             Began as a Green Draconian Transmuter on Sept 28, 2015.
             Was an Initiate of Nemelex Xobeh.
             Killed by nerve-wracking pain
             ... invoked by Menkaure
              (12 damage)
             ... on level 6 of the Dungeon on Sept 29, 2015.
             The game lasted 01:03:37 (6518 turns).

flametal213 the Changer (DrTm)                      Turns: 6518, Time: 01:03:37

Health: -1/52      AC: 12    Str: 13    XL:     7   Next: 68%
Magic:  10/10      EV: 12    Int: 15    God:    Nemelex Xobeh [......]
Gold:   236        SH:  4    Dex: 11    Spells: 2 memorised, 5 levels left

rFire  . . .     SeeInvis .       - Unarmed
rCold  . . .     Clarity  .     (armour unavailable)
rNeg   . . .     SustAt   .     I - +0 buckler
rPois  +         Gourm    .     (helmet restricted)
rElec  .         Spirit   .     (no cloak)
rCorr  .         Warding  .     (no gloves)
rMut   .         Stasis   .     J - +0 pair of boots
MR     .....                    (no amulet)
Stlth  +.........               (no ring)
                                H - +5 ring of protection

@: not resistant to hostile enchantments, very unstealthy
A: breathe noxious fumes, unfitting armour, poison resistance, cold-blooded, AC
+6
a: Breathe Noxious Fumes, Renounce Religion


You were on level 6 of the Dungeon.
You worshipped Nemelex Xobeh.
Nemelex Xobeh was noncommittal.
You were hungry.

You visited 1 branch of the dungeon, and saw 7 of its levels.

You collected 236 gold pieces.

Inventory:

Hand weapons
 j - a +0 short sword
 o - a +1 dagger
 p - a +0 dagger
 r - a +0 hand axe
 s - a +0 dagger
 t - a +0 dagger
 u - a +0 club
 v - a +0 club
 w - a +0 short sword
 y - a +0 dire flail
 A - a +0 whip
 B - a +2 dagger of flaming
 L - a +0 spear
 Q - a +1 scythe of slicing
Missiles
 a - 57 arrows
 M - 17 poisoned needles
Armour
 d - a +0 chain mail
 e - a +0 robe
 i - a +0 shield
 E - a +0 ring mail
 F - a +0 leather armour
 I - a +0 buckler (worn)
 J - a +0 pair of boots (worn)
 R - a +0 robe
 U - a +0 pair of boots
Jewellery
 H - a +5 ring of protection (left hand)
 S - an uncursed ring of loudness
Magical devices
 f - a wand of confusion (0)
 D - a wand of slowing (4)
Scrolls
 h - a scroll of teleportation
 l - a scroll of fear
 m - a scroll of immolation
 z - a scroll of remove curse
 G - a scroll of enchant weapon
 T - 2 scrolls of fog
Potions
 g - a potion of brilliance
 k - a potion of haste
 n - 2 potions of degeneration
 q - a potion of mutation
 x - 2 potions of heal wounds
 K - a potion of invisibility
 N - 3 potions of flight {unknown}
 O - a potion of lignification {unknown}
 P - a potion of berserk rage {unknown}
 V - a potion of might {unknown}
Books
 b - a book of Changes

   Spells                             Type                      Level
   a - Beastly Appendage              Transmutation                1
   b - Sticks to Snakes               Transmutation                2
   c - Spider Form                    Transmutation/Poison         3
   d - Ice Form                       Ice/Transmutation            4
   e - Blade Hands                    Transmutation                5
Comestibles
 c - 6 bread rations
 C - a meat ration


   Skills:
 - Level 1.1 Fighting
 - Level 1.7 Dodging
 - Level 4.0 Shields
 + Level 3.4 Unarmed Combat
 - Level 2.0 Spellcasting
 * Level 7.2 Transmutations
 - Level 2.4 Poison Magic


You had 5 spell levels left.
You knew the following spells:

 Your Spells              Type           Power        Failure   Level  Hunger
b - Sticks to Snakes      Trmt           ###.......   1%          2    ###....
c - Spider Form           Trmt/Pois      ###.......   12%         3    ###....


Dungeon Overview and Level Annotations

Branches:
Dungeon (7/15)             Temple (0/1) D:5

Altars:
Elyvilon
Kikubaaqudgha
Nemelex Xobeh
Ru

Annotations:
D:6 Eldritch's ghost, experienced HOFi; Menkaure


Innate Abilities, Weirdness & Mutations

You can breathe blasts of noxious fumes.
Your lurid green scales are hard (AC +6).
Your body does not fit into most forms of armour.
Your system is resistant to poisons.
You are cold-blooded and may be slowed by cold attacks.


Message History

You struggle to resist.
You see here a scroll of identify.
Your transformation has ended.
Your +0 pair of boots unmelds from your body.
Your +0 buckler unmelds from your body.
Menkaure casts a spell at you. Pain shoots through your body!
* * * LOW HITPOINT WARNING * * *
Menkaure points at you and mumbles some strange words.
You struggle to resist.
Eldritch's ghost (experienced Hill Orc Fighter) comes into view.
It is wielding a weapon of protection.
Eldritch's ghost turns its malevolent gaze towards you.
Menkaure giggles, "These cerements are ticklish..."
Found a bread ration.
An orc comes into view. It is wielding a short sword.
The orc shouts!
Menkaure casts a spell at you. Pain shoots through your body!
You die...
Your body disappears without a glow.

#.# ... #.# #.
#.# #.# #.
##.##.# #.#
##.##...#.# #.#
#.........# #.#
.........# #@#
.........####.#
#...#...##.#####.
#.............%o.
#..###.#M######..
#..###.#.###
#...#.......
#...(....##
##.?#...(#


You could see Menkaure.

Vanquished Creatures
  Sigmund (D:5)
  The ghost of blexxed the Sneak, an average VSEn (D:4)
  Edmund (D:3)
  A phantom (D:5)
  A jelly (D:4)
  2 hounds
  2 giant frog skeletons
  Jessica (D:2)
  Natasha (twice) (D:4)
  A worker ant (D:4)
  4 adders
  An ooze (D:1)
  An adder skeleton (D:4)
  2 worms
  5 giant geckos
  7 orcs
  4 ball pythons
  4 giant cockroaches
  9 goblins
  5 hobgoblins
  8 kobolds
  2 quokkas
  6 bats
  A giant newt (D:2)
  7 jackals
  A quokka zombie (D:5)
  7 rats
87 creatures vanquished.

Vanquished Creatures (collateral kills)
  Natasha (D:4)
  An adder (D:3)
2 creatures vanquished.

Grand Total: 89 creatures vanquished

Notes
Turn   | Place    | Note
--------------------------------------------------------------
     0 | D:1      | flametal213 the Draconian Transmuter began the quest for the Orb.
     0 | D:1      | Reached XP level 1. HP: 16/16 MP: 3/3
   357 | D:1      | Reached XP level 2. HP: 18/23 MP: 3/5
   393 | D:1      | Learned a level 2 spell: Sticks to Snakes
  1411 | D:2      | Noticed Jessica
  1427 | D:2      | Reached XP level 3. HP: 28/28 MP: 4/6
  1433 | D:2      | Learned a level 3 spell: Spider Form
  1452 | D:2      | Killed Jessica
  1452 | D:2      | Reached skill level 1 in Poison Magic
  1925 | D:2      | Reached XP level 4. HP: 30/35 MP: 7/7
  2297 | D:3      | Found an ancient bone altar of Kikubaaqudgha.
  3219 | D:3      | Reached skill level 4 in Transmutations
  3727 | D:4      | Noticed blexxed's ghost (average VSEn)
  3822 | D:4      | Reached skill level 1 in Shields
  3822 | D:4      | Reached XP level 5. HP: 26/40 MP: 4/8
  4003 | D:4      | Noticed Edmund
  4038 | D:3      | Killed Edmund
  4038 | D:3      | Reached skill level 5 in Transmutations
  4038 | D:3      | Reached XP level 6. HP: 28/47 MP: 6/9
  4356 | D:4      | Killed blexxed's ghost
  4641 | D:4      | Noticed Natasha
  4680 | D:4      | Killed Natasha
  4837 | D:4      | Reached skill level 6 in Transmutations
  4870 | D:4      | Noticed Natasha
  4908 | D:4      | Killed Natasha
  4918 | D:4      | HP: 2/47 [worker ant (4)]
  5174 | D:4      | Noticed Natasha
  5175 | D:4      | Your scales start taking on a lurid green colour.
  5175 | D:4      | Gained mutation: Your system is resistant to poisons. [Green Draconian growth]
  5175 | D:4      | Reached XP level 7. HP: 45/52 MP: 7/10
  5209 | D:4      | Killed Natasha
  5570 | D:5      | Entered Level 5 of the Dungeon
  5739 | D:5      | Found a staircase to the Ecumenical Temple.
  5741 | D:5      | Noticed Sigmund
  5750 | D:5      | Killed Sigmund
  5859 | D:5      | Reached skill level 7 in Transmutations
  5910 | D:5      | Found a white marble altar of Elyvilon.
  5923 | D:5      | Found a sparkling altar of Nemelex Xobeh.
  5928 | D:5      | Found a sacrificial altar of Ru.
  6052 | D:5      | Became a worshipper of Nemelex Xobeh the Trickster
  6485 | D:6      | Noticed Menkaure
  6510 | D:6      | Noticed Eldritch's ghost (experienced HOFi)
  6518 | D:6      | Killed from afar by Menkaure

Vault maps used:
D:1:      evilmike_arrival_plus, minivault_14
D:2:      serial_park_tiny_1, uniq_jessica
D:3:      lemuel_upstairs_altar, kiku_gazebo_garden_becter, first_bread
D:4:      uniq_natasha, uniq_edmund
D:5:      minmay_overflow_temple_star_quad, uniq_sigmund
D:6:      lemuel_round_altar, nicolae_benzene_ring, uniq_menkaure,
          uniq_prince_ribbit1
D:7:      old_forge, ashenzari_altar_1, nicolae_overflow_hidden_temple,
          trog_ov_bears_minmay, grunt_livestock

Action                   |  1- 3 |  4- 6 |  7- 9 || total
-------------------------+-------+-------+-------++-------
Melee: Unarmed           |   123 |   196 |   113 ||   432
 Cast: Beastly Appendage |    17 |       |       ||    17
       Spider Form       |     1 |     8 |    10 ||    19
       Sticks to Snakes  |       |     3 |     3 ||     6
  Use: Scroll            |       |     9 |     6 ||    15
       Potion            |       |     1 |       ||     1
 Stab: Sleeping          |       |     1 |       ||     1
  Eat: Meat ration       |     1 |     2 |       ||     3
       Chunk             |       |     3 |     1 ||     4
       Fruit             |       |     2 |       ||     2
